 Dungeon Crawl Stone Soup version 0.19.1-1-g22dce08 (webtiles) character file.

25 Joat the Caller (level 2, 0/24 HPs)
             Began as a Draconian Summoner on Jan 16, 2017.
             Slain by Sigmund
             ... wielding a +1 scythe of freezing
              (1 damage)
             ... on level 2 of the Dungeon.
             The game lasted 00:04:53 (1024 turns).

Joat the Caller (Draconian Summoner)                Turns: 1024, Time: 00:04:55

Health: 0/24       AC:  4    Str: 10    XL:     2   Next: 86%
Magic:  0/5        EV: 12    Int: 15    God:
Gold:   51         SH:  0    Dex: 11    Spells: 1 memorised, 4 levels left

rFire  . . .     SeeInvis .       - Unarmed
rCold  . . .     Gourm    .     (armour unavailable)
rNeg   . . .     Faith    .     (no shield)
rPois  .         Spirit   .     (helmet restricted)
rElec  .         Reflect  .     (no cloak)
rCorr  +         Harm     .     (no gloves)
MR     .....                    (no boots)
Stlth  ++........               (no amulet)
                                k - ring of wizardry
                                j - ring of resist corrosion

@: no status effects
A: unfitting armour, cold-blooded, AC +4
a: no special abilities


You were on level 2 of the Dungeon.
You were hungry.

You visited 1 branch of the dungeon, and saw 2 of its levels.

You collected 51 gold pieces.

Inventory:

Hand Weapons
 e - a +0 spear
Jewellery
 j - a ring of resist corrosion (left hand)
 k - a ring of wizardry (right hand)
Scrolls
 c - 2 scrolls of recharging {unknown}
 d - 2 scrolls of identify {unknown}
 g - a scroll of remove curse {unknown}
 h - a scroll of fog {unknown}
 l - a scroll of blinking {unknown}
Books
 a - a book of Callings

   Spells                             Type                      Level
   a - Summon Small Mammal            Summoning                    1
   b - Call Imp                       Summoning                    2
   c - Call Canine Familiar           Summoning                    3
   d - Summon Guardian Golem          Hexes/Summoning              3
   e - Summon Lightning Spire         Summoning/Air                4
   f - Summon Ice Beast               Ice/Summoning                4
Comestibles
 b - 2 bread rations
 i - a beef jerky


   Skills:
 + Level 2.1 Fighting
 - Level 1.7 Dodging
 - Level 1.7 Stealth
 + Level 1.5 Unarmed Combat
 - Level 2.0 Spellcasting
 - Level 4.0 Summonings


You had 4 spell levels left.
You knew the following spells:

 Your Spells              Type           Power        Failure   Level  Hunger
a - Summon Small Mammal   Summ           ##..         1%          1    #......


Dungeon Overview and Level Annotations

Branches:
Dungeon (2/15)

Altars:

Annotations:
D:2 Sigmund


Innate Abilities, Weirdness & Mutations

Your plain brown scales are hard. (AC +4)
You cannot fit into any form of body armour.
You are cold-blooded and may be slowed by cold attacks.


Message History

It was a potion of agility.
You feel agile all of a sudden. The bat misses you. The bat hits you.
* * * LOW HITPOINT WARNING * * *
Sigmund misses you. The goblin closely misses you.
It was a potion of cancellation.
Your magical effects are unravelling.
You feel magically purged.
You feel yourself speed up.
You feel a little less agile now. The bat barely misses you.
The bat hits you but does no damage. The goblin completely misses you.
Sigmund closely misses you. The bat completely misses you.
The goblin hits you but does no damage.
Casting: Summon Small Mammal
Confirm with . or Enter, or press ? or * to list all spells.
Nothing appears to happen.
The bat barely misses you. The bat hits you but does no damage.
Sigmund hits you from afar with a scythe of freezing.
* * * LOW HITPOINT WARNING * * *
Sigmund freezes you.
You die... #...%. #.... #.... ... .Sb

#S# #b# #@# .#.
##g# .....##r@#
.......<.#
###............
#..............
#........?..g..
#..............
#........##..##


You could see Sigmund, 2 adders, a quokka, a goblin and 2 bats.

Vanquished Creatures
  A leopard gecko (D:1)
  2 goblins
  2 hobgoblins
  2 jackals (D:1)
  5 bats (D:1)
  6 kobolds
  7 rats (D:1)
25 creatures vanquished.

Vanquished Creatures (collateral kills)
  A bat (D:1)
1 creature vanquished.

Grand Total: 26 creatures vanquished

Notes
Turn   | Place    | Note
-------+----------+-------------------------------------------
     0 | D:1      | Joat the Draconian Summoner began the quest for the Orb.
     0 | D:1      | Reached XP level 1. HP: 14/14 MP: 3/3
   223 | D:1      | Reached skill level 1 in Fighting
   373 | D:1      | Reached XP level 2. HP: 23/23 MP: 3/5
   689 | D:1      | Reached skill level 1 in Unarmed Combat
  1012 | D:2      | Noticed Sigmund
  1024 | D:2      | HP: 1/24 [Sigmund/scythe of freezing (3)]
  1024 | D:2      | Slain by Sigmund

Skill      XL: |  1  2 |
---------------+-------+-----
Fighting       | 1 2 |  2.1
Unarmed Combat | 1 |  1.5
Dodging        | |  1.7
Stealth        | |  1.7
Spellcasting   | |  2.0
Summonings     | |  4.0

Action                   || total
-------------------------++-------
Melee: Spear             ||    30
       Unarmed           ||    81
       Tailslap          ||     5
 Cast: Summon Small Mamm ||    11
  Use: Potion            ||     2
 Stab: Sleeping          ||     3
Armor: Skin              ||    58
Dodge: Dodged            ||   141
